 Dungeon Crawl Stone Soup version 0.31-a0-1388-g4b2ba238e7 (webtiles) character file.

Game seed: 1429596689913713422

645 thriggle the Caller (level 7, 0/52 HPs)
             Began as a Barachi Summoner on Dec 24, 2023.
             Was a Believer of the Shining One.
             Slain by a phantom (7 damage)
             ... on level 5 of the Dungeon.
             The game lasted 00:21:17 (4049 turns).

thriggle the Caller (Barachi Summoner)              Turns: 4049, Time: 00:21:18

Health: 0/52       AC:  4    Str: 11    XL:     7   Next: 52%
Magic:  10/12      EV: 13    Int: 15    God:    the Shining One [**....]
Gold:   216        SH:  0    Dex: 13    Spells: 3/12 levels left

rFire   . . .        t - +0 falchion
rCold   + . .        (no shield)
rNeg    + . .        m - +1 robe {rC+}
rPois   .            (no helmet)
rElec   .            (no cloak)
rCorr   .            f - +0 pair of gloves
SInv    .            (no boots)
Will    .....        (no amulet)
Stlth   +            (no ring)
HPRegen 0.28/turn    (no ring)
MPRegen 0.13/turn

%: no passive effects
@: hasted, glowing, inugami summoned, quick
A: amphibious, slowness 1, strong legs 1, +LOS
a: Hop, Renounce Religion, Divine Shield


You were on level 5 of the Dungeon.
You worshipped the Shining One.
The Shining One was pleased with you.
You visited 1 branch of the dungeon, and saw 5 of its levels.

You collected 216 gold pieces.

Inventory:

Hand Weapons
 b - a +0 dagger of venom
 e - a +0 sling
 h - a +0 dagger
 j - a +0 short sword
 t - a +0 falchion (weapon)
 B - a +0 orcbow
Missiles
 c - 2 atropa-tipped darts
 q - 40 stones
 r - 5 curare-tipped darts
 w - 3 poisoned darts
Armour
 a - a +0 robe
 d - a +0 ring mail
 f - a +0 pair of gloves (worn)
 i - a +0 leather armour
 m - a +1 robe of cold resistance (worn)
 A - a +0 ring mail
Scrolls
 g - 2 scrolls of enchant weapon
 k - a scroll of fear
 l - a scroll of poison {unknown}
 n - a scroll of vulnerability {unknown}
 o - a scroll of acquirement {unknown}
 p - 2 scrolls of fog {unknown}
 u - a scroll of amnesia
 v - a scroll of brand weapon {unknown}
 y - a scroll of silence {unknown}
 z - a scroll of identify


   Skills:
 + Level 3.1 Fighting
 - Level 1.5(2.0) Short Blades
 + Level 2.2(2.5) Long Blades
 + Level 2.1 Throwing
 + Level 3.8 Dodging
 - Level 1.9 Stealth
 + Level 3.4 Spellcasting
 + Level 1.3 Conjurations
 - Level 2.0 Hexes
 + Level 5.9 Summonings
 + Level 2.3 Ice Magic
 - Level 1.0 Invocations


You had 3 spell levels left.
You knew the following spells:

 Your Spells              Type           Power      Damage    Failure   Level
a - Summon Small Mammal   Summ           80%        N/A       1%          1
b - Summon Guardian Gole  Hex/Summ       14%        N/A       11%         3
c - Call Canine Familiar  Summ           20%        N/A       4%          3
d - Ensorcelled Hibernat  Hex/Ice        18%        N/A       12%         2

Your spell library contained the following spells:

 Spells                   Type           Power      Damage    Failure   Level
 Call Imp                 Summ           40%        N/A       2%          2
 Cigotuvi's Dreadful Rot  Necr/Alch/Air  4%         N/A       28%         2
 Lesser Beckoning         Tloc           4%         N/A       28%         2
 Fugue of the Fallen      Necr           2%         N/A       50%         3
 Gell's Gravitas          Tloc           2%         N/A       50%         3
 Teleport Other           Tloc           2%         N/A       50%         3
 Summon Lightning Spire   Summ/Air       11%        N/A       50%         4
 Anguish                  Hex/Necr       2%         N/A       77%         4
 Ignite Poison            Fire/Alch      2%         N/A       88%         4
 Leda's Liquefaction      Alch/Erth      1%         N/A       88%         4
 Freezing Cloud           Conj/Ice/Air   3%         6-21      97%         5
 Lee's Rapid Deconstruct  Erth           1%         3d4*      99%         5
 Bombard                  Conj/Erth      2%         9d1       100%        6


Dungeon Overview and Level Annotations

Branches:
Dungeon (5/15)
 Temple: D:4-7

Altars:
Gozag
Trog
Xom
The Shining One


Innate Abilities, Weirdness & Mutations

You are amphibious.
You cover ground slowly.
You can hop short distances.
You have an extended range of vision and can be seen from far away.


Message History

The phantom hits you but does no damage.
You hit the phantom but do no damage.
The phantom is heavily damaged.
The adder bites your guardian golem but does no damage.
The phantom hits you!
* * * LOW HITPOINT WARNING * * *
The adder bites your inugami.
Your inugami is poisoned.
The adder poisons your inugami!
Your quokka barely misses the phantom.
The phantom hits your quokka.
The phantom blinks!
Your quokka blinks!
The adder closely misses your inugami.
You swap places.
The phantom hits your guardian golem.
The phantom blinks!
Your guardian golem blinks!
Your guardian golem disappears in a puff of smoke!
Your quokka bites the phantom.
You hit the adder.
The adder is moderately wounded.
Your quokka bites the phantom.
The phantom closely misses your quokka. The adder closely misses you.
You slash the adder!
You kill the adder!
Your quokka barely misses the phantom.
The phantom hits your quokka.
Your inugami hits the phantom. Your quokka misses the phantom.
The phantom hits your quokka!
Your quokka dies!
Your quokka's corpse disappears in a puff of smoke!
Your inugami completely misses the phantom.
The phantom hits you but does no damage.
Your inugami hits the phantom. You barely miss the phantom.
The phantom is severely damaged.
The phantom hits you.
* * * LOW HITPOINT WARNING * * *
Your inugami barely misses the phantom.
You hit the phantom.
The phantom is almost destroyed.
The phantom hits you!
You die...

.............#######
######...h.........#
##.####(..####.#
######...S.......#
........####.(.#.# ##...#
##.##.# # ### #...#
#.##.##.###
...#...#####†.[hW....###
###.#))9##......@........
.##.)......##..#.#..#.###
.####...#####..#.# ...#
........S.$....... .....
.####.#######..###. .###
.# #.# #..# ># # ......#
#..# # ####### #..# #####
#..#


You could see a phantom (ally target) and a friendly inugami (summoned,
poisoned).

Vanquished Creatures
  2 scorpions (D:4)
  A vampire bat (D:4)
  A hound (D:4)
  An orc priest (D:5)
  A sleepcap (D:4)
  Natasha (thrice) (D:4)
  2 orc wizards
  6 adders
  2 ufetubi (D:5)
  2 dart slugs
  2 fire bats (D:4)
  7 orcs
  2 spectral bats (D:4)
  9 bats
  A bat skeleton (D:4)
  A bat zombie (D:4)
  3 endoplasms
  A giant cockroach (D:4)
  A hobgoblin (D:4)
  2 jackals (D:1)
  A kobold (D:2)
  A quokka (D:5)
  2 ball pythons (D:2)
  A bat simulacrum (D:4)
  A frilled lizard (D:3)
  6 goblins
  5 rats
67 creatures vanquished.

Vanquished Creatures (collateral kills)
  A sleepcap (D:4)
  Robin (D:2)
  An adder (D:2)
  A fire bat (D:4)
  3 orcs (D:5)
  4 ball pythons
  2 bats (D:4)
  2 bat skeletons (D:4)
  2 endoplasms
  A giant cockroach (D:1)
  6 goblins
  2 hobgoblins (D:2)
  2 jackals (D:1)
  A quokka (D:3)
  A kobold (D:4)
  A rat (D:2)
31 creatures vanquished.

Grand Total: 98 creatures vanquished

Notes
Turn   | Place    | Note
-------+----------+-------------------------------------------
     0 | D:1      | thriggle the Barachi Summoner began the quest for the Orb.
     0 | D:1      | Reached XP level 1. HP: 13/13 MP: 3/3
   250 | D:1      | Reached XP level 2. HP: 6/20 MP: 3/5
   274 | D:1      | Learned a level 2 spell: Call Imp
   343 | D:1      | Found a faded altar of an unknown god.
   349 | D:1      | Prayed at the altar of an unknown god.
   349 | D:1      | Became a worshipper of the Shining One
   349 | D:1      | Reached * piety under the Shining One
   583 | D:1      | Reached skill level 5 in Summonings
   862 | D:2      | Reached skill level 1 in Fighting
   862 | D:2      | Reached XP level 3. HP: 26/26 MP: 3/6
   866 | D:2      | Learned a level 3 spell: Call Canine Familiar
   909 | D:2      | Noticed Robin
   935 | D:2      | Killed Robin
   936 | D:2      | Reached skill level 1 in Short Blades
  1058 | D:2      | Reached XP level 4. HP: 29/32 MP: 7/7
  1144 | D:2      | Learned a level 2 spell: Ensorcelled Hibernation
  1884 | D:3      | Reached skill level 1 in Invocations
  2191 | D:3      | Found a bloodstained altar of Trog.
  2328 | D:3      | Reached XP level 5. HP: 38/38 MP: 9/9
  2494 | D:4      | Found an opulent altar of Gozag.
  2505 | D:4      | Reached skill level 1 in Long Blades
  2505 | D:4      | Reached skill level 1 in Throwing
  2505 | D:4      | Reached skill level 1 in Ice Magic
  2510 | D:4      | Reached skill level 1 in Hexes
  2591 | D:4      | Reached XP level 6. HP: 46/46 MP: 10/10
  2618 | D:4      | Learned a level 3 spell: Summon Guardian Golem
  2777 | D:4      | Noticed Natasha
  2789 | D:4      | Killed Natasha
  3077 | D:4      | Noticed Natasha
  3077 | D:4      | Reached ** piety under the Shining One
  3086 | D:4      | Killed Natasha
  3176 | D:4      | Reached XP level 7. HP: 51/51 MP: 8/11
  3236 | D:4      | Reached skill level 1 in Conjurations
  3439 | D:4      | Noticed Natasha
  3449 | D:4      | Killed Natasha
  3788 | D:5      | Entered Level 5 of the Dungeon
  3822 | D:5      | Found a shimmering altar of Xom.
  3822 | D:5      | Found a shimmering altar of Xom.
  3822 | D:5      | Found a shimmering altar of Xom.
  3822 | D:5      | Found a shimmering altar of Xom.
  3822 | D:5      | Found a shimmering altar of Xom.
  3824 | D:5      | Found a shimmering altar of Xom.
  4049 | D:5      | Slain by a phantom

Illustrated notes

Levels and vault maps discovered:
D:1:      saegor_arrival_simple_b, layout_loops_ring,
          hellmonk_ecumenical_altar_leap_of_faith, chequers_decorated_corner
D:2:      layout_basic, uniq_robin
D:3:      layout_loops_ring, old_standard_altar
D:4:      layout_basic, grunt_gozag_breadcrumbs, goddamned_bats, uniq_natasha
D:5:      layout_loops_ring, xom_redecorated

Skill      XL: |  1  2  3  4  5  6  7 |
---------------+----------------------+-----
Summonings     | 5 |  5.9
Fighting       | 1 2 3 |  3.1
Short Blades   | 1 |  1.5
Invocations    | 1 |  1.0
Dodging        | 3 |  3.8
Long Blades    | 1 2 |  2.2
Throwing       | 1 2 |  2.1
Ice Magic      | 1 2 |  2.3
Hexes          | 1 2 |  2.0
Spellcasting   | 3 |  3.4
Conjurations   | 1 |  1.3
Stealth        | |  1.9

Action                     |  1- 3 |  4- 6 |  7- 9 || total
---------------------------+-------+-------+-------++-------
  Melee: Dagger            |    16 |   128 |    47 ||   191
         Unarmed           |     6 |       |       ||     6
         Short sword       |    41 |       |       ||    41
         Punch             |     1 |     1 |     3 ||     5
         Falchion          |       |       |    41 ||    41
  Throw: Stone             |       |     3 |     1 ||     4
   Cast: Summon Small Mamm |    25 |     3 |     6 ||    34
         Call Canine Famil |     1 |     6 |     3 ||    10
         Summon Guardian G |       |     1 |     3 ||     4
         Ensorcelled Hiber |       |       |     3 ||     3
    Use: Potion            |     1 |     4 |     2 ||     7
         Scroll            |       |     7 |       ||     7
 Armour: Robe              |     5 |    64 |   117 ||   186
         Leather armour    |    42 |    18 |       ||    60
  Dodge: Dodged            |    68 |   112 |   156 ||   336

Table legend: (Time is in decaauts)
 A = Elapsed time spent in this place.
 B = Non-inter-level travel time spent in this place.
 C = Inter-level travel time spent in this place.
 D = Time resting spent in this place.
 E = Time spent auto-exploring this place.
 F = Levels seen in this place.
 G = Mean time per level.
                   A        B        C        D        E       F      G
               +--------+--------+--------+--------+--------+-----+--------+
         Total |   4669 |   4500 |    169 |     52 |   2868 |   5 |  933.8 |
       Dungeon |   4669 |   4500 |    169 |     52 |   2868 |   5 |  933.8 |
               +--------+--------+--------+--------+--------+-----+--------+

Top non-repeatable levels by time:
     D:4: 1481 daAuts
     D:2: 1122 daAuts
     D:1: 985 daAuts
     D:3: 783 daAuts
     D:5: 297 daAuts
